Map: 포트 알렉산더 - 래더

Players

Rogue - Winner!

  • Race: Zerg Zerg
  • Spawn Location: 5:00

Solar

  • Race: Zerg Zerg
  • Spawn Location: 11:00

Event: IEM Season 13: Katowice (2019)

VOD

Have the link to the VOD?

Description

Time

  • Played on: March 1, 2019, 7:40 a.m.
  • Length: 4:22

All games in this series

Show
View Real Time Build Order
Export as new Build Order

Rogue Zerg - Winner!

Build Orders: Hatch First 

Get SALT Encoding   

  12  0:00  Drone  
  13  0:12  Overlord  
  13  0:17  Drone  
  14  0:31  Drone x2  
  16  0:50  Hatchery  
  16  0:51  Drone  
  16  0:56  Drone  
  17  0:59  Drone  
  18  1:10  Extractor  
  17  1:14  Spawning Pool  
  17  1:18  Drone  
  17  1:21  Drone  
  18  1:29  Drone  
  19  1:40  Overlord  
  19  1:49  Drone  
  20  2:01  Queen x2, Drone  
  20  2:02  Zergling x2  
  26  2:11  Drone  
  26  2:13  Metabolic Boost  
  27  2:16  Drone  
  28  2:23  Drone  
  28  2:24  Drone  
  30  2:38  Hatchery  
  30  2:39  Drone  
  30  2:43  Drone  
  31  2:47  Overlord  
  31  2:51  Drone  
  32  3:00  Drone x2  
  33  3:08  Queen  
  33  3:11  Drone x4  
  39  3:15  Overlord  
  39  3:19  Zergling x4  
  41  3:23  Zergling x4  
  43  3:28  Zergling x2  
  44  3:36  Overlord  
  44  3:42  Zergling x4  
  44  3:43  Zergling x10  
  51  3:50  Roach Warren  
  51  3:53  Zergling x6  
Show
View Real Time Build Order
Export as new Build Order

Solar Zerg 

Build Orders: Hatch First 

Get SALT Encoding   

  12  0:01  Drone  
  13  0:12  Overlord  
  13  0:18  Drone  
  14  0:31  Drone x2  
  16  0:48  Hatchery  
  15  0:52  Drone  
  15  0:56  Drone  
  17  0:59  Drone  
  18  1:10  Extractor  
  17  1:15  Spawning Pool  
  17  1:17  Drone  
  17  1:22  Drone  
  18  1:28  Drone  
  19  1:38  Drone  
  20  1:53  Overlord  
  20  2:02  Queen  
  20  2:03  Zergling x2, Drone  
  24  2:10  Lair  
  24  2:11  Drone x2  
  26  2:22  Drone x2  
  28  2:33  Drone x2  
  30  2:37  Queen  
  30  2:38  Extractor  
  30  2:43  Roach Warren  
  30  2:45  Drone  
  30  2:48  Evolution Chamber, Drone  
  31  2:54  Drone  
  31  2:58  Drone  
  33  3:04  Overlord  
  33  3:05  Drone  
  34  3:10  Drone x2  
  34  3:11  Extractor  
  35  3:13  Drone  
  36  3:23  Spire  
  36  3:24  Drone  
  36  3:26  Drone  
  37  3:30  Drone  
  37  3:31  Drone  
  39  3:38  Drone x2  
  41  3:45  Overlord  
  41  3:46  Drone x2  
  41  3:47  Drone  
  44  3:54  Extractor  
  43  3:56  Overlord  
  43  4:00  Roach  
  44  4:03  Overlord  
  44  4:04  Drone  
  44  4:05  Drone x2  

Tags
 
Add a new tag
Caveats
  • Supply blocks, unpowered buildings, or Contaminate may cause inaccurate times.
  • Supply counts are checked every 10 seconds.